 Dungeon Sprint DCSS version 0.13-a0-2648-g56e3d78 (console) character file.

11329 5ubbak the Fetichist (level 11, 0/98 HPs)
             Began as a Djinni Artificer on Aug 9, 2013.
             Was the Champion of Nemelex Xobeh.
             Slain by a vampire knight
             ... wielding a +0,+0 great mace
              (14 damage)
             ... while paralysed by a vampire knight
             ... in the Dungeon (Sprint V: "Ziggurat Sprint").
             The game lasted 00:28:26 (2325 turns).

5ubbak the Fetichist (Djinni Artificer)             Turns: 2325, Time: 00:28:26

HP   0/98        AC 28     Str 25      XL: 11   Next: 47%
MP   0/0         EV  2     Int 15      God: Nemelex Xobeh [******]
Gold 20          SH  0     Dex 14      Spells:  0 memorised, 10 levels left

Res.Fire  : + + +   See Invis. : +   a - +12,+16 plutonium sword {Contam Stlth-}
Res.Cold  : . . .   Warding    : .   e - +5 gold dragon armour
Life Prot.: + + +   Conserve   : .   (no shield)
Res.Poison: +       Res.Corr.  : .   B - +3 crown of Dyrovepreva {Hunger rElec Int+ Res.Elec. : + Clarity : . (no cloak)
Sust.Abil.: . .     Spirit.Shd : .   (no gloves)
Res.Mut.  : .       Prev.Telep.: +   (boots unavailable)
Res.Rott. : .       Flight     : .   (no amulet)
Saprovore : . . .                    E - +6 ring of strength
                                     D - +6 ring of strength

@: paralysed, very slightly contaminated, hasted and slowed, somewhat resistant
to hostile enchantments, extremely unstealthy
A: fire immunity, cold vulnerability, -10% hp, life protection 3, Str -1
a: Draw One, Peek at Two, Triple Draw, Deal Four, Stack Five, Renounce Religion


You were in the Dungeon.
You worshipped Nemelex Xobeh.
Nemelex Xobeh was exalted by your worship.
You were not hungry.

You visited 1 branch

Inventory:

Hand weapons
 a - the +12,+16 plutonium sword (weapon) {Contam Stlth-}
   (You found it in the Dungeon)

   It causes magical contamination when unequipped.
   It makes you less stealthy.
 p - the +6,+5 short sword of Klegonan {antimagic, Contam +Blink rF+ rC+}
   (You took it off an orc warrior in the Dungeon)

   It disrupts the flow of magical energy around spellcasters and certain
   magical creatures (including the wielder).
   It protects you from fire.
   It protects you from cold.
   It lets you blink.
   It causes magical contamination when unequipped.
Armour
 e - a +5 gold dragon armour (worn)
 B - the +3 crown of Dyrovepreva (worn) {Hunger rElec Int+2 SInv}
   (You found it in the Dungeon)

   It affects your intelligence (+2).
   It insulates you from electricity.
   It enhances your eyesight.
   It speeds your metabolism.
Magical devices
 b - a wand of flame (15)
 c - a wand of enslavement (15)
 d - a wand of random effects (15)
 A - a wand of disintegration (6)
 C - a wand of fire (2)
 F - a wand of cold (5)
 G - a wand of draining (5)
Scrolls
 l - 3 scrolls of blinking
 s - 4 scrolls of amnesia
 t - 3 scrolls of recharging
 u - 8 scrolls of fog
 v - 2 scrolls of holy word
 w - 5 scrolls of identify
 x - 5 scrolls of remove curse
 y - a scroll of fear
Jewellery
 g - the ring of Equivalence {Hunger +Blink MR+ Int+4}
   (You took it off an iron imp in the Dungeon)

   [ring of intelligence]

   It affects your intelligence (+4).
   It affects your resistance to hostile enchantments.
   It lets you blink.
   It speeds your metabolism.
 z - a +6 ring of dexterity
 D - a +6 ring of strength (left hand)
 E - a +6 ring of strength (right hand)
 Y - the amulet "Baamow" {rCorr rC-}
   (You found it in the Dungeon)

   [amulet of resist corrosion]

   It makes you vulnerable to cold.
Potions
 f - a potion of brilliance
 i - 5 potions of speed
 j - 3 potions of magic
 k - 2 potions of berserk rage
 m - 2 potions of invisibility
 n - 2 potions of restore abilities
 o - 2 potions of resistance
 q - 3 potions of agility
 r - 3 potions of might
Books
 P - a book of Necromancy

   Spells                             Type                      Level
   Pain                               Necromancy                   1
   Animate Skeleton                   Necromancy                   1
   Lethal Infusion                    Charms/Necromancy            2
   Vampiric Draining                  Necromancy                   3
   Regeneration                       Charms/Necromancy            3
   Animate Dead                       Necromancy                   4
   Control Undead                     Necromancy                   4
 T - a Young Poisoner's Handbook

   Spells                             Type                      Level
   Sting                              Conjuration/Poison           1
   Cure Poison                        Poison                       2
   Mephitic Cloud                     Conjuration/Poison/Air       3
   Olgreb's Toxic Radiance            Poison                       4
   Venom Bolt                         Conjuration/Poison           5
Miscellaneous
 h - a plain deck of changes
 H - an ornate deck of destruction {drawn: 2}
 I - an ornate deck of dungeons {drawn: 10} {dungeon}
 J - an ornate deck of escape {drawn: 5}
 K - a plain deck of destruction {drawn: 2}
 L - an ornate deck of escape
 M - an ornate deck of destruction {drawn: 1}
 N - an ornate deck of dungeons {drawn: 1}
 Q - a lamp of fire
 R - an ornate deck of destruction {drawn: 2}
 S - an ornate deck of destruction {drawn: 1}
 U - an ornate deck of destruction {drawn: 1}
 V - a fan of gales
 W - an ornate deck of destruction {drawn: 1}
 X - an ornate deck of destruction {drawn: 1}


   Skills:
 + Level 11.3 Fighting
 + Level 0.7 Short Blades
 + Level 14.0 Long Blades
 + Level 15.0 Armour
 - Level 4.1 Dodging
 - Level 1.1 Stealth
 + Level 17.2 Evocations


You had 10 spell levels left.
You didn't know any spells.

Dungeon Overview and Level Annotations

Branches:
Dungeon (1/1)

Altars:
Ashenzari
Cheibriados
Elyvilon
Fedhas
Kikubaaqudgha
Makhleb
Nemelex Xobeh
Okawaru
Sif Muna
Trog
Vehumet
Xom
Yredelemnul
Zin
the Shining One
Beogh
Jiyva
Lugonu


Innate Abilities, Weirdness & Mutations

You are immune to all types of fire, even holy and hellish.
You are vulnerable to cold.
You need no food.
You have no legs.
You are immune to negative energy.
You are frail (-10% HP).
You are weak (Str -1).


Message History

Found a great sword.
Use which ability? (? or * to list) Draw from which deck? (? for menu, Esc to quit)
You draw a card...
It is the Orb.
You have drawn the Orb.
Press: ? - help, Shift-Dir - straight line, f/p - ancient lich
Aim: an ancient lich (lightly damaged, slightly transparent)
The orb of energy hits the ancient lich.
The ancient lich is lightly damaged.
The vampire knight gestures at you while chanting.
You suddenly lose the ability to move!
You start to feel a little uncertain.
The vampire knight blinks!
The wight picks up a +0,+1 hand axe of electrocution.
The ancient lich casts a spell at you. The shard of ice hits you!
* * * LOW HITPOINT WARNING * * *
The vampire knight hits you with a great mace!
You die...
Your body disappears without a glow.

,,,*,,*,,,,,*,,#.........#.......
,,,*,,,,,,,,,,,#.#.....#.#.#...#.
,,,*,,,,,,,,,,,#.........#.......
,,,**********####################
*,,*,,,8©8,,,#...8©8...#...8©8...
**,*,,∆∆∆∆∆∆,#..))!....#.........
*,,*,,∆∆∆∆∆,,#...::"[..#.........
,,,*,,,,,,,,,#..V......#.........
,,,*,,,,,,,,,#..@......#.........
****,,,,,,,,,#..z......#.........
888*,,,,,,,,,#.zLn.....#.........
,,8*,,*,,,*,,#.zz....).#.#.....#.
,8*,*,,,,,*,#.zz......#.........
*,,,,,,,,,#.........##########
*********###########*********
********,,,,,,,,8©8,,,,,,,,
,,,,,*,∆∆∆∆∆∆∆∆,∆∆∆∆∆∆∆∆∆


You could see a ghoul, an ancient lich (invisible), a vampire knight
(invisible), 3 wights, a jackal zombie, a giant gecko skeleton and an adder
skeleton.

Vanquished Creatures
  A vampire knight (D)
  A dire elephant (shapeshifter) (D)
  A dire elephant (D)
  A death cob (D)
  An ice statue (D)
  A giant amoeba (D)
  An eye of devastation (D)
  A guardian serpent (D)
  A draconian (D)
  A tarantella (D)
  A neqoxec (D)
  4 orc warriors (D)
  An ice beast (D)
  A centaur (shapeshifter) (D)
  An ice beast (shapeshifter) (D)
  A giant slug (shapeshifter) (D)
  A silver statue (D)
  A crimson imp (D)
  2 orc priests (D)
  2 iron imps (D)
  3 quasits (D)
  2 orc wizards (D)
  2 scorpions (D)
  5 jellies (D)
  2 adders (D)
  A lemure (D)
  3 shadow imps (D)
  4 white imps (D)
  A giant mite (D)
  A giant eyeball (D)
  An ooze (D)
  A ball python (D)
  An orc (D)
52 creatures vanquished.

Vanquished Creatures (collateral kills)
  An ice beast (D)
1 creature vanquished.

Vanquished Creatures (others)
  A red draconian (D)
  3 draconians (D)
  A deep dwarf scion (D)
  An ugly thing (D)
  4 deep dwarves (D)
10 creatures vanquished.

Grand Total: 63 creatures vanquished

Notes
Turn   | Place    | Note
--------------------------------------------------------------
     0 | D        | 5ubbak, the Djinni Artificer, began the quest for the Orb.
     0 | D        | Reached XP level 1. HP: 15/15 MP: 0/0
     1 | D        | Found an ancient bone altar of Kikubaaqudgha.
     1 | D        | Found a white marble altar of Elyvilon.
     2 | D        | Found an iron altar of Okawaru.
     2 | D        | Found a burning altar of Makhleb.
     4 | D        | Found a radiant altar of Vehumet.
     4 | D        | Found a deep blue altar of Sif Muna.
     4 | D        | Found a basalt altar of Yredelemnul.
     4 | D        | Found a sparkling altar of Nemelex Xobeh.
     7 | D        | Found a bloodstained altar of Trog.
    72 | D        | Became a worshipper of Nemelex Xobeh
    82 | D        | Received a gift from Nemelex Xobeh
    82 | D        | Acquired Nemelex Xobeh's first power
    82 | D        | Acquired Nemelex Xobeh's second power
    88 | D        | Acquired Nemelex Xobeh's third power
    88 | D        | Acquired Nemelex Xobeh's fourth power
    90 | D        | Acquired Nemelex Xobeh's fifth power
    92 | D        | Received a gift from Nemelex Xobeh
    99 | D        | Reached skill level 8 in Fighting
    99 | D        | Reached skill level 9 in Long Blades
    99 | D        | Reached skill level 10 in Evocations
    99 | D        | Reached XP level 2. EP: 20/26
   149 | D        | Gained mutation: You have a pair of small horns on your head. [helix card]
   163 | D        | Reached skill level 11 in Long Blades
   163 | D        | Reached skill level 12 in Evocations
   163 | D        | Reached XP level 3. EP: 32/36
   199 | D        | Found a shimmering altar of Xom.
   226 | D        | Received a gift from Nemelex Xobeh
   243 | D        | Received a gift from Nemelex Xobeh
   246 | D        | Received a gift from Nemelex Xobeh
   246 | D        | Received a gift from Nemelex Xobeh
   254 | D        | Received a gift from Nemelex Xobeh
   277 | D        | Received a gift from Nemelex Xobeh
   279 | D        | Received a gift from Nemelex Xobeh
   309 | D        | Entered arena 1.
   309 | D        | Noticed a guardian serpent
   312 | D        | Killed a guardian serpent
   312 | D        | Reached skill level 1 in Stealth
   312 | D        | Reached skill level 13 in Evocations
   312 | D        | Reached XP level 4. EP: 35/46
   312 | D        | Reached XP level 5. EP: 41/55
   312 | D        | Reached XP level 6. EP: 46/63
   393 | D        | Entered arena 2.
   406 | D        | Got the +2 scale mail of the Fiend {+Inv SInv}
   415 | D        | Entered arena 3.
   415 | D        | Noticed a scorpion
   415 | D        | Noticed a scorpion
   415 | D        | Noticed a tarantella
   418 | D        | Killed a tarantella
   420 | D        | Killed a scorpion
   420 | D        | Reached XP level 7. EP: 72/72
   422 | D        | Killed a scorpion
   422 | D        | Reached skill level 14 in Evocations
   438 | D        | Received a gift from Nemelex Xobeh
   441 | D        | Entered arena 4.
   441 | D        | Noticed a giant amoeba
   444 | D        | Paralysed by a giant eyeball for 2 turns
   448 | D        | Paralysed by a giant eyeball for 2 turns
   457 | D        | Killed a giant amoeba
   605 | D        | Noticed a deep dwarf
   605 | D        | Noticed a deep dwarf scion
   605 | D        | Noticed a deep dwarf
   605 | D        | Noticed a deep dwarf
   605 | D        | Noticed a deep dwarf
   605 | D        | Noticed a draconian
   605 | D        | Noticed a green draconian
   605 | D        | Noticed a draconian
   605 | D        | Noticed a draconian
   605 | D        | Noticed a hippogriff
   605 | D        | Noticed a boring beetle
   605 | D        | Noticed a death cob
   605 | D        | Noticed a draconian
   605 | D        | Noticed a red draconian
   605 | D        | Noticed a black bear
   607 | D        | Noticed a cyan ugly thing
   608 | D        | Noticed a neqoxec
   612 | D        | Killed a deep dwarf
   612 | D        | Killed a deep dwarf
   612 | D        | Killed a draconian
   612 | D        | Killed a draconian
   612 | D        | Killed a draconian
   612 | D        | Killed a cyan ugly thing
   612 | D        | Killed a deep dwarf scion
   612 | D        | Killed a deep dwarf
   612 | D        | Killed a deep dwarf
   612 | D        | Received a gift from Nemelex Xobeh
   613 | D        | Noticed a guardian serpent
   613 | D        | a boring beetle changed into a guardian serpent
   616 | D        | Noticed an elf
   616 | D        | a guardian serpent changed into an elf
   621 | D        | Noticed a demonic crawler
   622 | D        | Noticed an emperor scorpion
   622 | D        | Noticed a yellow wasp
   623 | D        | Noticed a yellow wasp
   624 | D        | Noticed a demonic crawler
   624 | D        | Noticed a wolf spider
   626 | D        | Noticed a redback
   656 | D        | Noticed a yellow wasp
   742 | D        | Entered arena 5.
   742 | D        | Noticed an alligator snapping turtle
   745 | D        | Noticed a dire elephant
   745 | D        | an alligator snapping turtle changed into a dire elephant
   754 | D        | Noticed a grizzly bear
   755 | D        | a grizzly bear changed into a draconian
   763 | D        | Lost mutation: You have a pair of small horns on your head. [helix card]
   763 | D        | Gained mutation: You are frail (-10% HP). [helix card]
   773 | D        | Received a gift from Nemelex Xobeh
   776 | D        | Noticed an ice statue
   776 | D        | Noticed a wind drake
   776 | D        | a boring beetle changed into a wind drake
   778 | D        | HP: 1/66 [shot self (41)]
   783 | D        | Killed an ice statue
   783 | D        | Reached skill level 10 in Fighting
   783 | D        | Reached skill level 15 in Evocations
   783 | D        | Reached XP level 8. EP: 26/75
   785 | D        | a wind drake changed into a tarantella
   786 | D        | Noticed a mermaid
   786 | D        | a tarantella changed into a mermaid
   794 | D        | Noticed a fire crab
   794 | D        | a mermaid changed into a fire crab
   840 | D        | Noticed a black mamba
   840 | D        | a fire crab changed into a black mamba
   852 | D        | a black mamba changed into a tengu
   860 | D        | Noticed a fire giant
   860 | D        | a dire elephant changed into a fire giant
   864 | D        | Noticed a frost giant
   864 | D        | a fire giant changed into a frost giant
   924 | D        | Noticed an orb spider
   924 | D        | a centaur changed into an orb spider
   950 | D        | an orb spider changed into a crocodile
   965 | D        | Noticed a raven
   965 | D        | a brain worm changed into a raven
   971 | D        | a raven changed into a rock worm
   975 | D        | Noticed a fire drake
   975 | D        | an ogre changed into a fire drake
   983 | D        | a fire drake changed into an ice beast
  1012 | D        | Noticed a yaktaur
  1012 | D        | a wyvern changed into a yaktaur
  1016 | D        | Killed a red draconian
  1020 | D        | Noticed a mermaid
  1020 | D        | a yaktaur changed into a mermaid
  1023 | D        | Entered arena 6.
  1023 | D        | Noticed a quasit
  1023 | D        | Noticed a golden eye
  1023 | D        | Noticed an eye of devastation
  1024 | D        | Noticed a crimson imp
  1024 | D        | Received a gift from Nemelex Xobeh
  1025 | D        | Noticed an iron imp
  1026 | D        | Noticed a quasit
  1031 | D        | Noticed an iron imp
  1042 | D        | Noticed a dire elephant
  1042 | D        | a frost giant changed into a dire elephant
  1043 | D        | Killed a dire elephant
  1043 | D        | Reached skill level 16 in Evocations
  1043 | D        | Reached XP level 9. EP: 35/81
  1049 | D        | Gained mutation: You are weak (Str -1). [a neqoxec]
  1060 | D        | Killed a neqoxec
  1071 | D        | HP: 4/81 [iron imp[a neqoxec] (5)]
  1228 | D        | Entered arena 7.
  1244 | D        | Killed an eye of devastation
  1796 | D        | Entered arena 8.
  1796 | D        | Noticed a mummy priest
  1802 | D        | Noticed a guardian mummy
  1803 | D        | Noticed a spider
  1819 | D        | Killed a death cob
  1821 | D        | Noticed a demonic crawler
  1827 | D        | Killed a draconian
  1827 | D        | Reached XP level 10. EP: 44/90
  1834 | D        | HP: 2/90 [green draconian/elven long sword (9)]
  1864 | D        | Noticed a dire elephant
  1864 | D        | a green draconian changed into a dire elephant
  1867 | D        | Killed a dire elephant
  2117 | D        | Entered arena 9.
  2120 | D        | Killed a quasit
  2122 | D        | Killed a crimson imp
  2123 | D        | Killed a quasit
  2129 | D        | Killed an iron imp
  2134 | D        | Killed an iron imp
  2139 | D        | Got the ring of Equivalence {Hunger +Blink MR+ Int+4}
  2171 | D        | Reached skill level 17 in Evocations
  2171 | D        | Reached XP level 11. EP: 77/98
  2252 | D        | Entered arena 10.
  2252 | D        | Noticed an orc warrior
  2252 | D        | Noticed an orc priest
  2252 | D        | Noticed an orc wizard
  2252 | D        | Noticed an orc warrior
  2252 | D        | Noticed an orc wizard
  2252 | D        | Noticed an orc warrior
  2252 | D        | Noticed an orc warrior
  2252 | D        | Noticed an orc priest
  2253 | D        | Killed an orc priest
  2253 | D        | Killed an orc wizard
  2253 | D        | Killed an orc warrior
  2254 | D        | Killed an orc wizard
  2255 | D        | Killed an orc warrior
  2255 | D        | Killed an orc warrior
  2255 | D        | Received a gift from Nemelex Xobeh
  2256 | D        | Killed an orc warrior
  2260 | D        | Killed an orc priest
  2266 | D        | Got the +6,+5 short sword of Klegonan {antimagic, Contam +Blink rF+ rC+}
  2275 | D        | Received a gift from Nemelex Xobeh
  2298 | D        | Got the amulet "Baamow" {rCorr rC-}
  2312 | D        | Entered arena 11.
  2312 | D        | Noticed a wight
  2312 | D        | Noticed an ancient lich
  2312 | D        | Noticed a wight
  2312 | D        | Noticed a vampire knight
  2312 | D        | Noticed a ghoul
  2312 | D        | Noticed a wight
  2312 | D        | Noticed a vampire knight
  2313 | D        | Killed a vampire knight
  2313 | D        | Reached skill level 15 in Armour
  2322 | D        | Received a gift from Nemelex Xobeh
  2323 | D        | Paralysed by a vampire knight for 3 turns
  2325 | D        | Slain by a vampire knight

Action                   |  1- 3 |  4- 6 |  7- 9 | 10-12 || total
-------------------------+-------+-------+-------+-------++-------
Melee: Triple sword      |       |     9 |    48 |    21 ||    78
Invok: Triple Draw       |     3 |       |     2 |       ||     5
       Draw One          |     3 |     1 |    26 |    13 ||    43
Evoke: Wand              |       |       |     4 |       ||     4
  Use: Scroll            |       |       |     2 |       ||     2
       Potion            |       |       |    22 |     4 ||    26
